 Dungeon Crawl Stone Soup version 0.26.0-15-gc6cd9f700b (webtiles) character file.

Game seed: 11449698782040882017

88 Jerry the Ducker (level 4, -11/31 HPs)
             Began as an Octopode Fighter on Jan 16, 2021.
             Killed from afar by Sigmund (12 damage)
             ... with a puff of flame
             ... on level 2 of the Dungeon.
             The game lasted 00:02:20 (1895 turns).

Jerry the Ducker (Octopode Fighter)                 Turns: 1895, Time: 00:02:20

Health: -11/31     AC:  1    Str: 16    XL:     4   Next: 53%
Magic:  4/4        EV: 14    Int: 10    God:
Gold:   38         SH:  0    Dex: 11    Spells: 3/3 levels left

rFire    . . .     SeeInvis .     - Unarmed
rCold    . . .     Faith    .   (no shield)
rNeg     . . .     Spirit   .   (helmet restricted)
rPois    .         Reflect  .   (no amulet)
rElec    .         Harm     .   g - ring of willpower
rCorr    .         Rampage  .   (no ring)
Will     +....                  (no ring)
Stlth    +++.......             (no ring)
HPRegen  0.10/turn              (no ring)
MPRegen  0.09/turn              (no ring)
                                (no ring)
                                (no ring)

@: no status effects
A: almost no armour, stealthy swim, amphibious, 8 rings, constrict 8, camouflage
1, gelatinous body 1
a: no special abilities


You were on level 2 of the Dungeon.
You visited 1 branch of the dungeon, and saw 2 of its levels.

You collected 38 gold pieces.

Inventory:

Hand Weapons
 i - a +0 hunting sling
Missiles
 j - 53 stones (quivered)
Armour
 a - a +0 kite shield
Jewellery
 g - a ring of willpower (left tentacle)
Scrolls
 d - a scroll of immolation {unknown}
 e - 3 scrolls of remove curse {unknown}
 f - a scroll of identify {unknown}
Potions
 b - 2 potions of might
 c - 2 potions of attraction {unknown}
 h - a potion of brilliance {unknown}


   Skills:
 + Level 3.4 Fighting
 + Level 3.5 Dodging
 + Level 1.5 Stealth
 - Level 3.0 Shields
 * Level 3.5 Unarmed Combat


You had 3 spell levels left.
You didn't know any spells.
Your spell library was empty.

Dungeon Overview and Level Annotations

Branches:
Dungeon (2/15)

Altars:

Annotations:
D:2 Sigmund


Innate Abilities, Weirdness & Mutations

You cannot wear most types of armour.
You are very stealthy in the water. (Stealth+)
You are amphibious.
You can wear up to eight rings at the same time.
You can use your tentacles to constrict eight enemies at once.
Your skin changes colour to match your surroundings (Stealth+).
Your rubbery body absorbs attacks. (AC +1, EV +1)


Message History

You constrict the hobgoblin.
You kill the hobgoblin!
Sigmund is suddenly surrounded by pale red light.
Sigmund hits you with a +3 scythe of holy wrath!
Ouch! That really hurt!
Found 15 stones.
Things that are here:
a cursed -1 club; a hobgoblin corpse Sigmund gestures at you while chanting.
You resist with almost no effort.
Sigmund hits you from afar with a +3 scythe of holy wrath.
* * * LOW HITPOINT WARNING * * *
You see here 27 arrows.
You see here a rat corpse.
Sigmund points at you and mumbles some strange words.
The magic dart hits you!
* * * LOW HITPOINT WARNING * * *
Sigmund gestures at you while chanting. The puff of flame hits you!
You die...

#................................
(#.#.######..#.##......#..######.
#.##.##................#..#
.#.#.##.####.#.#......##..#
#....##.# #.#.#.........)#
#.#.###.# #.#.#...#.####.######.
#...###.# #.#.#...#...†.........
#.#...#.# #.#.#<..#.####.#######
#.#.@.#.# #.#.#@#.#...##........
#.#...#.# #..............#######
#.#..(#'####...#................
#.#......†.@...#.#.#.#.###.#####
#.#............#..............
#.#.........##.#.#.#.#.#.#####
#.........##.#.#.#.#.#.#
#...#+######.#.#.#.#.# # #####
#.#.#.#.#.#


You could see Sigmund.

Vanquished Creatures
  Terence (D:2)
  An adder (D:2)
  An ooze (D:1)
  A worm (D:2)
  3 leopard geckos
  3 giant cockroaches (D:1)
  4 goblins
  8 hobgoblins
  4 bats
  3 frilled lizards
  9 kobolds (D:1)
  5 rats
43 creatures vanquished.

Vanquished Creatures (others)
  4 plants (D:1)
4 creatures vanquished.

Grand Total: 47 creatures vanquished

Notes
Turn   | Place    | Note
-------+----------+-------------------------------------------
     0 | D:1      | Jerry the Octopode Fighter began the quest for the Orb.
     0 | D:1      | Reached XP level 1. HP: 16/16 MP: 1/1
   148 | D:1      | Reached XP level 2. HP: 21/21 MP: 2/2
   492 | D:1      | Reached XP level 3. HP: 4/26 MP: 3/3
  1163 | D:1      | Reached skill level 1 in Stealth
  1570 | D:2      | Noticed Terence
  1584 | D:2      | Killed Terence
  1585 | D:2      | Reached XP level 4. HP: 13/31 MP: 4/4
  1870 | D:2      | Noticed Sigmund
  1889 | D:2      | HP: 1/31 [Sigmund/magic dart (8)]
  1895 | D:2      | Killed from afar by Sigmund

Illustrated notes

Levels and vault maps discovered:
D:1:      roderic_crop_circles_arrival_small, layout_loops_corners,
          minmay_tetromino_s2
D:2:      layout_basic, minmay_tiny_reverse_x, uniq_sigmund, uniq_terence

Skill      XL: |  1  2  3 |
---------------+----------+-----
Stealth        | 1 |  1.5
Unarmed Combat | 3 |  3.5
Fighting       | |  3.4
Dodging        | |  3.5
Shields        | |  3.0

Action                   |  1- 3 |  4- 6 || total
-------------------------+-------+-------++-------
Melee: Unarmed           |    82 |    14 ||    96
       Constrict         |    20 |     3 ||    23
       Tentacles         |    19 |     1 ||    20
       Punch             |     2 |     1 ||     3
 Stab: Sleeping          |     5 |     1 ||     6
Armor: Skin              |     4 |     2 ||     6
Dodge: Dodged            |    59 |     9 ||    68
